TOP OF THE 1ST |
Evanston Elitists batting - Pitching for Erie Jaxx : RHP Ricardo Córdova
|
Pitching: RHP Ricardo Córdova
|
|
Batting: SHB Troy Abreu
|
0-0: Hit by Pitch
|
Batting: RHB Zhong-xian Pai
|
0-0: Fly out, F7 (Flyball, 78S)
|
Batting: RHB Greg Nichols
|
0-0: Ball 1-0: DOUBLE (Line Drive, 78XD) Troy Abreu to third
|
Batting: RHB Ed Gaston
|
0-0: Ball 1-0: Foul Ball, location: 2F 1-1: Ball 2-1: Ball 3-1: Base on Balls
|
Batting: LHB Jean-Sébastien Beaudin
|
0-0: Foul Ball, location: 2F 0-1: Swinging Strike 0-2: Ball 1-2: Ball 2-2: Strikes out looking
|
Batting: SHB Claas van der Kuijl
|
0-0: Swinging Strike 0-1: Called Strike 0-2: Foul Ball, location: 2F 0-2: Ball 1-2: Foul Ball, location: 2F 1-2: Strikes out swinging
|
Top of the 1st over - 0 runs, 1 hit, 0 errors, 3 left on base; Evanston 0 - Erie 0 |
BOTTOM OF THE 1ST |
Erie Jaxx batting - Pitching for Evanston Elitists : RHP Barrett Pritchard
|
Pitching: RHP Barrett Pritchard
|
|
Batting: RHB Ramón Maldonado
|
0-0: Called Strike 0-1: Ball 1-1: Ball 2-1: Ground out 6-3 (Groundball, 56)
|
Batting: RHB James Richardson
|
0-0: Swinging Strike 0-1: Foul Ball, location: 2F 0-2: Strikes out swinging
|
Batting: LHB Gabriel Flores
|
0-0: Called Strike 0-1: Ball 1-1: Ball 2-1: Foul Ball, location: 2F 2-2: Ball 3-2: Base on Balls
|
Batting: RHB Miguel Sánchez
|
0-0: Ball Gabriel Flores steals 2nd base 1-0: Ball 2-0: Ball 3-0: Base on Balls
|
Batting: RHB Shane Marshall
|
0-0: Called Strike 0-1: Ball 1-1: Ball 2-1: Swinging Strike 2-2: Foul Ball, location: 2F 2-2: Foul Ball, location: 2F 2-2: Reached on error, E3 (Groundball, 34S) Gabriel Flores scores Miguel Sánchez to third
|
Batting: RHB Danny Morrison
|
0-0: Swinging Strike 0-1: Swinging Strike 0-2: Ball 1-2: Foul Ball, location: 2F 1-2: Foul Ball, location: 2F 1-2: Strikes out swinging
|
Bottom of the 1st over - 1 run, 0 hits, 1 error, 2 left on base; Evanston 0 - Erie 1 |
TOP OF THE 2ND |
Evanston Elitists batting - Pitching for Erie Jaxx : RHP Ricardo Córdova
|
Batting: RHB Joe Farrell
|
0-0: Ball 1-0: Fly out, F3 (Popup, 3F)
|
Batting: RHB Jaime Aguirre
|
0-0: Called Strike 0-1: Ball 1-1: Called Strike 1-2: Ball 2-2: Ground out 6-3 (Groundball, 6)
|
Batting: RHB Bruce Adams
|
0-0: Fly out, F4 (Popup, 34S)
|
Top of the 2nd over - 0 runs, 0 hits, 0 errors, 0 left on base; Evanston 0 - Erie 1 |
BOTTOM OF THE 2ND |
Erie Jaxx batting - Pitching for Evanston Elitists : RHP Barrett Pritchard
|
Batting: LHB Mark Sanders
|
0-0: Ball 1-0: Fly out, F8 (Flyball, 8RS)
|
Batting: LHB Matt Moore
|
0-0: Foul Ball, location: 2F 0-1: Foul Ball, location: 2F 0-2: Ball 1-2: Strikes out swinging
|
Batting: RHB Juan González
|
0-0: Ball 1-0: Ball 2-0: Called Strike 2-1: Called Strike 2-2: Ball 3-2: Strikes out swinging
|
Bottom of the 2nd over - 0 runs, 0 hits, 0 errors, 0 left on base; Evanston 0 - Erie 1 |
TOP OF THE 3RD |
Evanston Elitists batting - Pitching for Erie Jaxx : RHP Ricardo Córdova
|
Batting: SHB Troy Abreu
|
0-0: Ball 1-0: Ball 2-0: Ball 3-0: Called Strike 3-1: Foul Ball, location: 2F 3-2: Base on Balls
|
Batting: RHB Zhong-xian Pai
|
0-0: Swinging Strike 0-1: Ball 1-1: Ball 2-1: Swinging Strike 2-2: Ball 3-2: Strikes out swinging
|
Batting: RHB Greg Nichols
|
0-0: Ball 1-0: Ball 2-0: Foul Ball, location: 2F 2-1: Called Strike Troy Abreu is caught stealing 2nd base 2-2: Ball 3-2: Fly out, F9 (Flyball, 89S)
|
Top of the 3rd over - 0 runs, 0 hits, 0 errors, 0 left on base; Evanston 0 - Erie 1 |
BOTTOM OF THE 3RD |
Erie Jaxx batting - Pitching for Evanston Elitists : RHP Barrett Pritchard
|
Batting: RHB Ramón Maldonado
|
0-0: Foul Ball, location: 2F 0-1: Fly out, F8 (Flyball, 8RD)
|
Batting: RHB James Richardson
|
0-0: Ball 1-0: SINGLE (Flyball, 89S)
|
Batting: LHB Gabriel Flores
|
0-0: Called Strike 0-1: Called Strike 0-2: Foul Ball, location: 2F 0-2: Ball 1-2: Ball 2-2: Strikes out swinging
|
Batting: RHB Miguel Sánchez
|
0-0: Ball 1-0: Ball 2-0: Called Strike 2-1: Ball 3-1: Foul Ball, location: 2F 3-2: Ground out 5-3 (Groundball, 56)
|
Bottom of the 3rd over - 0 runs, 1 hit, 0 errors, 1 left on base; Evanston 0 - Erie 1 |
TOP OF THE 4TH |
Evanston Elitists batting - Pitching for Erie Jaxx : RHP Ricardo Córdova
|
Batting: RHB Ed Gaston
|
0-0: Ball 1-0: Called Strike 1-1: Ball 2-1: Called Strike 2-2: Ball 3-2: Strikes out swinging
|
Batting: LHB Jean-Sébastien Beaudin
|
0-0: Ball 1-0: Ball 2-0: Ball 3-0: Base on Balls
|
Batting: SHB Claas van der Kuijl
|
0-0: Ball Jean-Sébastien Beaudin steals 2nd base 1-0: Ball 2-0: Fly out, F9 (Flyball, 9)
|
Batting: RHB Joe Farrell
|
0-0: Ball 1-0: Foul Ball, location: 2F 1-1: Ball 2-1: Ball 3-1: Base on Balls
|
Batting: RHB Jaime Aguirre
|
0-0: Called Strike 0-1: Foul Ball, location: 2F 0-2: Foul Ball, location: 2F 0-2: Ball 1-2: Foul Ball, location: 2F 1-2: Ball 2-2: Strikes out looking
|
Top of the 4th over - 0 runs, 0 hits, 0 errors, 2 left on base; Evanston 0 - Erie 1 |
BOTTOM OF THE 4TH |
Erie Jaxx batting - Pitching for Evanston Elitists : RHP Barrett Pritchard
|
Batting: RHB Shane Marshall
|
0-0: Ball 1-0: Ball 2-0: Ball 3-0: Called Strike 3-1: Foul Ball, location: 2F 3-2: SINGLE (Flyball, 6MD)
|
Batting: RHB Danny Morrison
|
0-0: Called Strike Shane Marshall steals 2nd base 0-1: Ball 1-1: Foul Ball, location: 2F 1-2: Ball 2-2: Strikes out swinging
|
Batting: LHB Mark Sanders
|
0-0: Fly out, F4 (Popup, 34)
|
Batting: LHB Matt Moore
|
0-0: Ball 1-0: Called Strike 1-1: Ball 2-1: Ground out 4-3 (Groundball, 4S)
|
Bottom of the 4th over - 0 runs, 1 hit, 0 errors, 1 left on base; Evanston 0 - Erie 1 |
TOP OF THE 5TH |
Evanston Elitists batting - Pitching for Erie Jaxx : RHP Ricardo Córdova
|
Pitching: RHP Dan Clark
|
|
Batting: RHB Bruce Adams
|
0-0: DOUBLE (Line Drive, 7LS)
|
Batting: SHB Troy Abreu
|
0-0: Ball 1-0: Ground out 4-3 (Groundball, 4) Bruce Adams to third
|
Batting: RHB Zhong-xian Pai
|
0-0: Called Strike 0-1: Foul Ball, location: 2F 0-2: Strikes out swinging
|
Batting: RHB Greg Nichols
|
0-0: Ball 1-0: Foul Ball, location: 2F 1-1: Called Strike 1-2: Strikes out swinging
|
Top of the 5th over - 0 runs, 1 hit, 0 errors, 1 left on base; Evanston 0 - Erie 1 |
BOTTOM OF THE 5TH |
Erie Jaxx batting - Pitching for Evanston Elitists : RHP Barrett Pritchard
|
Batting: RHB Juan González
|
0-0: Ball 1-0: Ball 2-0: Fly out, F4 (Line Drive, 4)
|
Batting: RHB Ramón Maldonado
|
0-0: Called Strike 0-1: Ball 1-1: Ball 2-1: Called Strike 2-2: SINGLE (Flyball, 9LS)
|
Batting: RHB James Richardson
|
0-0: Called Strike 0-1: Foul Ball, location: 2F 0-2: Strikes out swinging
|
Batting: LHB Gabriel Flores
|
0-0: Ball Ramón Maldonado steals 2nd base 1-0: Fly out, F3 (Popup, 3F)
|
Bottom of the 5th over - 0 runs, 1 hit, 0 errors, 1 left on base; Evanston 0 - Erie 1 |
TOP OF THE 6TH |
Evanston Elitists batting - Pitching for Erie Jaxx : RHP Dan Clark
|
Batting: RHB Ed Gaston
|
0-0: Fly out, F7 (Flyball, 7S)
|
Batting: LHB Jean-Sébastien Beaudin
|
0-0: Ball 1-0: Ground out 3-1 (Groundball, 3D)
|
Batting: SHB Claas van der Kuijl
|
0-0: Ball 1-0: Ball 2-0: Fly out, F6 (Popup, 6M)
|
Top of the 6th over - 0 runs, 0 hits, 0 errors, 0 left on base; Evanston 0 - Erie 1 |
BOTTOM OF THE 6TH |
Erie Jaxx batting - Pitching for Evanston Elitists : RHP Barrett Pritchard
|
Batting: RHB Miguel Sánchez
|
0-0: Ball 1-0: Ground out U3 (Groundball, 3L)
|
Batting: RHB Shane Marshall
|
0-0: DOUBLE (Line Drive, 89D)
|
Batting: RHB Danny Morrison
|
0-0: Swinging Strike 0-1: Called Strike 0-2: Foul Ball, location: 2F 0-2: Foul Ball, location: 2F 0-2: Strikes out looking
|
Batting: LHB Mark Sanders
|
0-0: Ball 1-0: Ball 2-0: Foul Ball, location: 2F 2-1: Foul Ball, location: 2F 2-2: Ball 3-2: Base on Balls
|
Batting: LHB Matt Moore
|
0-0: Ball 1-0: Called Strike 1-1: Ball 2-1: Foul Ball, location: 2F 2-2: Fly out, F8 (Flyball, 89M)
|
Bottom of the 6th over - 0 runs, 1 hit, 0 errors, 2 left on base; Evanston 0 - Erie 1 |
TOP OF THE 7TH |
Evanston Elitists batting - Pitching for Erie Jaxx : RHP Dan Clark
|
Batting: RHB Joe Farrell
|
0-0: Called Strike 0-1: Ball 1-1: SOLO HOME RUN (Flyball, 9LD), Distance : 339 ft
|
Pinch Hitting: RHB Troy Johnson
|
0-0: Called Strike 0-1: Ball 1-1: Foul Ball, location: 2F 1-2: Ball 2-2: Foul Ball, location: 2F 2-2: Ground out 6-3 (Groundball, 6)
|
Batting: RHB Bruce Adams
|
0-0: Ball 1-0: SINGLE (Flyball, 6D)
|
Batting: SHB Troy Abreu
|
0-0: Ball 1-0: Foul Ball, location: 2F 1-1: Ball Bruce Adams steals 2nd base 2-1: Swinging Strike 2-2: Strikes out swinging
|
Batting: RHB Zhong-xian Pai
|
0-0: Swinging Strike 0-1: Ball 1-1: Foul Ball, location: 2F 1-2: Ball 2-2: Ball 3-2: Foul Ball, location: 2F 3-2: Strikes out swinging
|
Top of the 7th over - 1 run, 2 hits, 0 errors, 1 left on base; Evanston 1 - Erie 1 |
BOTTOM OF THE 7TH |
Erie Jaxx batting - Pitching for Evanston Elitists : RHP Barrett Pritchard
|
Now at 3B: Troy Johnson
|
|
Batting: RHB Juan González
|
0-0: Ball 1-0: Foul Ball, location: 2F 1-1: Called Strike 1-2: Strikes out swinging
|
Batting: RHB Ramón Maldonado
|
0-0: Ball 1-0: Called Strike 1-1: Ground out 6-3 (Groundball, 6)
|
Batting: RHB James Richardson
|
0-0: Foul Ball, location: 2F 0-1: Called Strike 0-2: Ball 1-2: Foul Ball, location: 2F 1-2: Fly out, F6 (Popup, 6M)
|
Bottom of the 7th over - 0 runs, 0 hits, 0 errors, 0 left on base; Evanston 1 - Erie 1 |
TOP OF THE 8TH |
Evanston Elitists batting - Pitching for Erie Jaxx : RHP Dan Clark
|
Pitching: RHP Arturo Martínez
|
|
Batting: RHB Greg Nichols
|
0-0: Called Strike 0-1: Ball 1-1: Foul Ball, location: 2F 1-2: Ball 2-2: Strikes out swinging
|
Batting: RHB Ed Gaston
|
0-0: Ball 1-0: Ball 2-0: Called Strike 2-1: Ball 3-1: Base on Balls
|
Batting: LHB Jean-Sébastien Beaudin
|
0-0: Called Strike 0-1: Called Strike Ed Gaston is caught stealing 2nd base 0-2: Foul Ball, location: 2F 0-2: Ball 1-2: Strikes out swinging
|
Top of the 8th over - 0 runs, 0 hits, 0 errors, 0 left on base; Evanston 1 - Erie 1 |
BOTTOM OF THE 8TH |
Erie Jaxx batting - Pitching for Evanston Elitists : RHP Barrett Pritchard
|
Pitching: RHP António Acosta
|
|
Batting: LHB Gabriel Flores
|
0-0: Called Strike 0-1: Ball 1-1: Called Strike 1-2: Foul Ball, location: 2F 1-2: Ball 2-2: Ball 3-2: Foul Ball, location: 2F 3-2: Strikes out swinging
|
Batting: RHB Miguel Sánchez
|
0-0: Ball 1-0: Foul Ball, location: 2F 1-1: Ball 2-1: Ground out 6-3 (Groundball, 6M)
|
Batting: RHB Shane Marshall
|
0-0: Ball 1-0: Called Strike 1-1: Ball 2-1: Fly out, F1 (Line Drive, 13)
|
Bottom of the 8th over - 0 runs, 0 hits, 0 errors, 0 left on base; Evanston 1 - Erie 1 |
TOP OF THE 9TH |
Evanston Elitists batting - Pitching for Erie Jaxx : RHP Arturo Martínez
|
Pitching: LHP Jesús Acosta
|
|
Pinch Hitting: RHB Michael Scott
|
0-0: Ball 1-0: Foul Ball, location: 2F 1-1: Ball 2-1: Ball 3-1: Called Strike 3-2: SINGLE (Groundball, 6D)
|
Batting: RHB Joe Farrell
|
0-0: Ball 1-0: Called Strike 1-1: Swinging Strike 1-2: Foul Ball, location: 2F 1-2: Strikes out swinging
|
Batting: RHB Troy Johnson
|
0-0: Called Strike 0-1: Ball 1-1: Called Strike 1-2: Ball 2-2: Foul Ball, location: 2F 2-2: Ground out 5-3 (Groundball, 56S) Michael Scott to second
|
Batting: RHB Bruce Adams
|
0-0: Foul Ball, location: 2F 0-1: Ball 1-1: Foul Ball, location: 2F 1-2: Strikes out swinging
|
Top of the 9th over - 0 runs, 1 hit, 0 errors, 1 left on base; Evanston 1 - Erie 1 |
BOTTOM OF THE 9TH |
Erie Jaxx batting - Pitching for Evanston Elitists : RHP António Acosta
|
Pitching: RHP Raúl Pérez
|
|
Now at C: Chris Barker
|
|
Batting: RHB Danny Morrison
|
0-0: Ball 1-0: Swinging Strike 1-1: Foul Ball, location: 2F 1-2: Ball 2-2: Strikes out looking
|
Batting: LHB Mark Sanders
|
0-0: Foul Ball, location: 2F 0-1: Called Strike 0-2: Strikes out swinging
|
Batting: LHB Matt Moore
|
0-0: Ball 1-0: Ball 2-0: Called Strike 2-1: Foul Ball, location: 2F 2-2: Foul Ball, location: 2F 2-2: Foul Ball, location: 2F 2-2: Hit by Pitch
|
Batting: RHB Juan González
|
0-0: Called Strike 0-1: Foul Ball, location: 2F 0-2: Ball 1-2: SINGLE (Groundball, 6MD) Matt Moore to second Runner from 2nd tries for 3rd, SAFE, throw made at trailing runner, OUT!
|
Bottom of the 9th over - 0 runs, 1 hit, 0 errors, 1 left on base; Evanston 1 - Erie 1 |
TOP OF THE 10TH |
Evanston Elitists batting - Pitching for Erie Jaxx : LHP Jesús Acosta
|
Batting: SHB Troy Abreu
|
0-0: Ball 1-0: Ground out 4-3 (Groundball, 4)
|
Batting: RHB Zhong-xian Pai
|
0-0: Foul Ball, location: 2F 0-1: Foul Ball, location: 2F 0-2: Strikes out swinging
|
Batting: RHB Greg Nichols
|
0-0: Called Strike 0-1: Called Strike 0-2: Strikes out looking
|
Top of the 10th over - 0 runs, 0 hits, 0 errors, 0 left on base; Evanston 1 - Erie 1 |
BOTTOM OF THE 10TH |
Erie Jaxx batting - Pitching for Evanston Elitists : RHP Raúl Pérez
|
Batting: RHB Ramón Maldonado
|
0-0: Ball 1-0: Called Strike 1-1: Called Strike 1-2: Foul Ball, location: 2F 1-2: Ball 2-2: Strikes out swinging
|
Batting: RHB James Richardson
|
0-0: Ball 1-0: Swinging Strike 1-1: Swinging Strike 1-2: Foul Ball, location: 2F 1-2: Foul Ball, location: 2F 1-2: Ball 2-2: Ball 3-2: Strikes out looking
|
Batting: LHB Gabriel Flores
|
0-0: Called Strike 0-1: Called Strike 0-2: Strikes out swinging
|
Bottom of the 10th over - 0 runs, 0 hits, 0 errors, 0 left on base; Evanston 1 - Erie 1 |
TOP OF THE 11TH |
Evanston Elitists batting - Pitching for Erie Jaxx : LHP Jesús Acosta
|
Pitching: RHP António Serrano
|
|
Batting: RHB Ed Gaston
|
0-0: Ball 1-0: Fly out, F2 (Popup, 23F)
|
Batting: LHB Jean-Sébastien Beaudin
|
0-0: Fly out, F8 (Flyball, 89S)
|
Batting: RHB Chris Barker
|
0-0: Called Strike 0-1: Foul Ball, location: 2F 0-2: Foul Ball, location: 2F 0-2: Ball 1-2: Ball 2-2: Foul Ball, location: 2F 2-2: Ball 3-2: Strikes out swinging
|
Top of the 11th over - 0 runs, 0 hits, 0 errors, 0 left on base; Evanston 1 - Erie 1 |
BOTTOM OF THE 11TH |
Erie Jaxx batting - Pitching for Evanston Elitists : RHP Raúl Pérez
|
Pitching: RHP Joel Cobb
|
|
Batting: RHB Miguel Sánchez
|
0-0: Swinging Strike 0-1: Fly out, F7 (Flyball, 78M)
|
Batting: RHB Shane Marshall
|
0-0: Ball 1-0: Called Strike 1-1: Called Strike 1-2: Foul Ball, location: 2F 1-2: Fly out, F1 (Line Drive, 15)
|
Batting: RHB Danny Morrison
|
0-0: Called Strike 0-1: Ball 1-1: Ball 2-1: Ball 3-1: SINGLE (Line Drive, 7S)
|
Batting: LHB Mark Sanders
|
0-0: SINGLE (Groundball, 4MS) (infield hit) Danny Morrison to second
|
Pinch Runner at 2nd George Wells:
|
|
Batting: LHB Matt Moore
|
0-0: Ground out U3 (Groundball, 3S)
|
Bottom of the 11th over - 0 runs, 2 hits, 0 errors, 2 left on base; Evanston 1 - Erie 1 |
TOP OF THE 12TH |
Evanston Elitists batting - Pitching for Erie Jaxx : RHP António Serrano
|
Now in RF: George Wells
|
|
Batting: RHB Joe Farrell
|
0-0: Ball 1-0: Swinging Strike 1-1: Swinging Strike 1-2: Strikes out swinging
|
Batting: RHB Troy Johnson
|
0-0: Hit by Pitch
|
Batting: RHB Bruce Adams
|
0-0: Swinging Strike 0-1: Foul Ball, location: 2F 0-2: Ball 1-2: Strikes out swinging
|
Batting: SHB Troy Abreu
|
0-0: Foul Ball, location: 2F 0-1: Foul Ball, location: 2F 0-2: Strikes out swinging
|
Top of the 12th over - 0 runs, 0 hits, 0 errors, 1 left on base; Evanston 1 - Erie 1 |
BOTTOM OF THE 12TH |
Erie Jaxx batting - Pitching for Evanston Elitists : RHP Joel Cobb
|
Batting: RHB Juan González
|
0-0: Ball 1-0: Ball 2-0: Ground out 5-3 (Groundball, 5L)
|
Batting: RHB Ramón Maldonado
|
0-0: Called Strike 0-1: Ball 1-1: Called Strike 1-2: Foul Ball, location: 2F 1-2: Ground out 5-3 (Groundball, 5L)
|
Batting: RHB James Richardson
|
0-0: Called Strike 0-1: Ball 1-1: Foul Ball, location: 2F 1-2: Ball 2-2: Ball 3-2: Strikes out looking
|
Bottom of the 12th over - 0 runs, 0 hits, 0 errors, 0 left on base; Evanston 1 - Erie 1 |
TOP OF THE 13TH |
Evanston Elitists batting - Pitching for Erie Jaxx : RHP António Serrano
|
Pitching: RHP Carl Curry
|
|
Batting: RHB Zhong-xian Pai
|
0-0: Ground out 6-3 (Groundball, 6)
|
Batting: RHB Greg Nichols
|
0-0: SINGLE (Line Drive, 6D)
|
Batting: RHB Ed Gaston
|
0-0: Foul Ball, location: 2F 0-1: Ball 1-1: Called Strike 1-2: Ball 2-2: Strikes out swinging
|
Batting: LHB Jean-Sébastien Beaudin
|
0-0: Ball 1-0: Called Strike 1-1: Ball 2-1: Ball 3-1: Base on Balls Greg Nichols to second
|
Batting: RHB Chris Barker
|
0-0: Ball 1-0: Swinging Strike 1-1: Ball 2-1: Called Strike 2-2: Ball 3-2: Foul Ball, location: 2F 3-2: Strikes out looking
|
Top of the 13th over - 0 runs, 1 hit, 0 errors, 2 left on base; Evanston 1 - Erie 1 |
BOTTOM OF THE 13TH |
Erie Jaxx batting - Pitching for Evanston Elitists : RHP Joel Cobb
|
Batting: LHB Gabriel Flores
|
0-0: Ball 1-0: Swinging Strike 1-1: Swinging Strike 1-2: Ball 2-2: SINGLE (Line Drive, 9S)
|
Batting: RHB Miguel Sánchez
|
0-0: Called Strike 0-1: Ball 1-1: Swinging Strike 1-2: Ball 2-2: Ball 3-2: Foul Ball, location: 2F 3-2: Base on Balls Gabriel Flores to second
|
Batting: RHB Shane Marshall
|
0-0: Ball 1-0: Ball 2-0: Called Strike 2-1: Ball Wild Pitch! Gabriel Flores to third Miguel Sánchez to second 3-1: Intentional Walk
|
Pinch Hitting: RHB Germán Duarte
|
0-0: Ball 1-0: Called Strike 1-1: Fly out, F8 (Flyball, 8LM) Runner from 3rd tags up, SCORES, throw made
|
Saturday, April 7th, 2018 - OOTP Baseball 18.8 Build 76
|
|